 Dungeon Crawl Stone Soup version 0.31.0-12-g77e489cdc1 (webtiles) character file.

Game seed: 11287366207428932389

5485 GanhBanh the Grappler (level 10, 0/77 HPs)
             Began as a Demonspawn Berserker on Feb 11, 2024.
             Was an Elder of Trog.
             Slain by Harold
             ... wielding a +5 glaive of freezing
              (11 damage)
             ... on level 9 of the Dungeon.
             The game lasted 00:32:07 (9759 turns).

GanhBanh the Grappler (Demonspawn Berserker)        Turns: 9759, Time: 00:32:08

Health: 0/77       AC: 11    Str: 22    XL:     10   Next: 42%
Magic:  10/10      EV: 13    Int:  7    God:    Trog [****..]
Gold:   693        SH:  4    Dex: 13    Spells: 9/9 levels left

rFire   + .          .
                       - Unarmed
rCold   . . .        (no shield)
rNeg    . . .        k - +0 ring mail
rPois   +            (helmet restricted)
rElec   .            s - +0 cloak
rCorr   .            (no gloves)
SInv    .            (no boots)
Will    +....        l - amulet of magic regeneration
Stlth   +            q - ring of poison resistance
HPRegen 1.32/turn    y - ring of protection from fire
MPRegen 0.52/turn

%: no passive effects
@: weak-willed, marked, strong-willed, on berserk cooldown, regenerating
A: antennae 1, icemail 1, spiny 1, condensation shield, weakness stinger 1,
demonic touch 1
a: Renounce Religion, Berserk, Trog's Hand, Brothers in Arms


You were on level 9 of the Dungeon.
You worshipped Trog.
Trog was greatly pleased with you.
You visited 1 branch of the dungeon, and saw 9 of its levels.
You also visited: Bailey.

You collected 693 gold pieces.

Inventory:

Missiles
 u - 13 throwing nets (quivered)
Armour
 k - a +0 ring mail (worn)
 s - a +0 cloak (worn)
 z - a +0 ring mail of cold resistance
 E - a +0 helmet
Magical Staves
 j - a staff of earth
 K - a staff of air
Jewellery
 l - an amulet of magic regeneration (around neck)
 q - a ring of poison resistance (left hand)
 y - a ring of protection from fire (right hand)
 C - a ring of flight
Talismans
 J - a serpent talisman
Wands
 a - a wand of mindburst (13)
 x - a wand of quicksilver (11)
 D - a wand of digging (6)
 F - a wand of flame (20)
Scrolls
 b - a scroll of identify
 e - 4 scrolls of enchant armour
 f - a scroll of brand weapon {unknown}
 g - 2 scrolls of blinking
 i - 2 scrolls of fear
 m - 2 scrolls of noise
 n - 2 scrolls of teleportation
 p - a scroll of torment {unknown}
 r - 2 scrolls of fog {unknown}
 v - a scroll of enchant weapon {unknown}
 w - a scroll of silence {unknown}
 B - 2 scrolls of poison {unknown}
 G - a scroll of vulnerability
 H - a scroll of immolation {unknown}
Potions
 c - 4 potions of curing
 h - 2 potions of degeneration
 o - 3 potions of lignification
 t - a potion of heal wounds {unknown}
 A - a potion of ambrosia {unknown}
 I - a potion of enlightenment {unknown}
 L - a potion of invisibility {unknown}
 M - a potion of brilliance {unknown}
Miscellaneous
 d - a phial of floods


   Skills:
 * Level 6.4 Fighting
 + Level 5.5 Armour
 * Level 6.0 Dodging
 - Level 1.1 Stealth
 - Level 0.5 Shields
 * Level 11.0 Unarmed Combat


You had 9 spell levels left.
You didn't know any spells.
Your spell library was empty.

Dungeon Overview and Level Annotations

Branches:
Dungeon (9/15)             Temple (0/1) D:7          Bailey (visited)
   Lair: D:8-11         Orc: D:9-12

Altars:
Ashenzari
Fedhas
Gozag
Hepliaklqana
Uskayaw
Vehumet
Wu Jian

Annotations:
D:3 2 transporters, mrks's ghost, amateur VSFi
D:9 Harold


Innate Abilities, Weirdness & Mutations

You have a pair of small antennae on your head.
A meltable icy envelope protects you from harm. (AC +4)
You are partially covered in sharp spines.
A meltable shield of frost defends you. (SH +4)
You have a small tail.
Your touch may inflict minor irresistible damage on your foes.


Message History

The killer bee is moderately wounded.
You block the killer bee's attack.
Harold zaps a wand.
The bolt of dispelling energy hits you!
Your magical effects are unravelling.
The orc hits you but does no damage. The killer bee completely misses you.
The orc warrior unwields a +0 orcbow.
The orc warrior wields a +0 hand axe.
The orc warrior is struck by your spines.
The orc warrior hits you with a +0 hand axe!
You miss the killer bee.
You touch the killer bee.
The killer bee is heavily wounded.
You feel yourself speed up. The killer bee barely misses you. x2
The killer bee is struck by your spines.
The killer bee stings you. Harold gestures at you while chanting.
A sentinel's mark forms upon you. The orc barely misses you.
The orc warrior barely misses you.
Harold hits you with a +5 glaive of freezing.
* * * LOW HITPOINT WARNING * * *
Harold freezes you.
* * * LOW HITPOINT WARNING * * *
The killer bee stings you.
* * * LOW HITPOINT WARNING * * *
The killer bee stings you but does no damage.
The orc closely misses you.
Unknown command.
Okay, then.
Okay, then.
As you read the scroll labelled DEYXINA XEODA, it crumbles to dust.
A wave of despondency washes over your surroundings.
It was a scroll of vulnerability.
The killer bee is struck by your spines.
The killer bee closely misses you. x2
The orc warrior is struck by your spines.
The orc warrior hits you with a +0 hand axe!
* * * LOW HITPOINT WARNING * * *
Harold is struck by your spines.
Harold hits you with a +5 glaive of freezing!
You die...
Harold says, "Can't wait to tell my little ones about this."

#..........#
#..........#
#..........#
#..........#
######....#######
#...............#
#....######.....#
#....y..........#
#....y@.........#
#....@oo..#######
#.....y.......
#..............
#....#..........
.................
........###......
.......#. #.####


You could see Harold (weak-willed), an orc warrior (weak-willed), 3 killer bees
and an orc (weak-willed).

Vanquished Creatures
  Grinder (D:5)
  A hornet (D:9)
  Eustachio (D:4)
  3 ice beasts
  An orc warrior (D:8)
  4 black bears
  2 ogres
  4 wolves (Bailey)
  3 centaurs
  Blork the orc (D:6)
  4 bullfrogs
  10 gnoll sergeants
  2 jellies
  4 scorpions
  13 wights (D:7)
  3 killer bees (D:9)
  3 howler monkeys
  Crazy Yiuf (D:2)
  6 gnoll boudas
  6 hounds
  5 orc priests
  5 sleepcaps
  Jessica (D:3)
  Terence (D:2)
  2 iguanas
  4 orc wizards
  29 gnolls
  6 adders
  2 white imps
  4 dart slugs
  16 orcs
  6 ball pythons
  6 endoplasms
  3 giant cockroaches
  15 goblins
  7 hobgoblins
  3 jackals (D:4)
  2 kobolds
  3 quokkas
  7 bats
  A frilled lizard (D:1)
  5 rats
206 creatures vanquished.

Notes
Turn   | Place    | Note
-------+----------+-------------------------------------------
     0 | D:1      | GanhBanh the Demonspawn Berserker began the quest for the
                  | Orb.
     0 | D:1      | Reached XP level 1. HP: 18/18 MP: 1/1
   221 | D:1      | Discovered your monstrous ancestry.
   221 | D:1      | Gained mutation: You have a small tail. [demonic ancestry]
   221 | D:1      | Reached XP level 2. HP: 24/24 MP: 2/2
   411 | D:1      | Reached skill level 3 in Unarmed Combat
   622 | D:1      | Gained mutation: A meltable shield of frost defends you.
                  | (SH +4) [demonic ancestry]
   622 | D:1      | Reached XP level 3. HP: 29/29 MP: 3/3
  1030 | D:2      | Found a runed translucent door.
  1031 | D:2      | Noticed Crazy Yiuf
  1033 | D:2      | You fall into a shaft and drop 2 floors!
  1048 | D:3      | Noticed a scorpion
  1057 | D:3      | Killed a scorpion
  1058 | D:3      | Reached skill level 4 in Unarmed Combat
  1058 | D:3      | Reached XP level 4. HP: 36/36 MP: 4/4
  1061 | D:3      | Gained mutation: You have a pair of small antennae on your
                  | head. [demonic ancestry]
  1061 | D:3      | Reached XP level 5. HP: 41/41 MP: 5/5
  1092 | D:3      | Found a transporter.
  1095 | D:3      | Reached ** piety under Trog
  1097 | D:3      | Noticed mrks's ghost (amateur VSFi)
  1151 | D:3      | Reached skill level 1 in Stealth
  1411 | D:2      | Noticed Terence
  1424 | D:2      | Killed Terence
  1846 | D:2      | Killed Crazy Yiuf
  1847 | D:2      | Reached skill level 5 in Unarmed Combat
  1847 | D:2      | Gained mutation: Your touch may inflict minor irresistible
                  | damage on your foes. [demonic ancestry]
  1847 | D:2      | Reached XP level 6. HP: 48/48 MP: 0/6
  1932 | D:3      | Found a transporter.
  2076 | D:3      | Noticed Jessica
  2079 | D:3      | Killed Jessica
  2271 | D:4      | Found a blossoming altar of Fedhas.
  2394 | D:4      | Noticed Eustachio
  2411 | D:4      | Killed Eustachio
  2412 | D:4      | Gained mutation: A meltable icy envelope protects you from
                  | harm. (AC +4) [demonic ancestry]
  2412 | D:4      | Reached XP level 7. HP: 22/54 MP: 7/7
  2628 | D:4      | Found a hazy altar of Hepliaklqana.
  2633 | D:4      | Found a radiant altar of Vehumet.
  2638 | D:4      | Found a broken altar of Ashenzari.
  2643 | D:4      | Found an opulent altar of Gozag.
  2648 | D:4      | Found an ornate altar of the Wu Jian Council.
  2921 | D:4      | Reached skill level 6 in Unarmed Combat
  3204 | D:5      | Entered Level 5 of the Dungeon
  3204 | D:5      | Noticed Grinder
  3209 | D:5      | Killed Grinder
  3213 | D:5      | Reached XP level 8. HP: 61/61 MP: 8/8
  3441 | D:5      | Reached skill level 7 in Unarmed Combat
  4057 | D:6      | Noticed Blork the orc
  4065 | D:6      | Killed Blork the orc
  4066 | D:6      | Reached skill level 5 in Fighting
  4221 | D:6      | Reached *** piety under Trog
  4233 | D:6      | Reached skill level 8 in Unarmed Combat
  4533 | D:6      | Found a hide-covered altar of Uskayaw.
  4544 | D:6      | Reached XP level 9. HP: 68/68 MP: 9/9
  4614 | D:6      | Reached skill level 5 in Dodging
  5406 | D:7      | Reached skill level 9 in Unarmed Combat
  5455 | D:7      | Found a staircase to the Ecumenical Temple.
  6598 | D:8      | Reached skill level 5 in Armour
  6694 | D:8      | Found a flagged portal.
  6708 | Bailey   | Entered a bailey
  6719 | Bailey   | Reached skill level 10 in Unarmed Combat
  7343 | Bailey   | Gained mutation: You are partially covered in sharp spines.
                  | [demonic ancestry]
  7343 | Bailey   | Reached XP level 10. HP: 62/76 MP: 10/10
  8867 | D:8      | Reached **** piety under Trog
  9640 | D:9      | Paralysed by a hornet for 2 turns
  9744 | D:9      | Noticed Harold
  9753 | D:9      | Reached skill level 11 in Unarmed Combat
  9759 | D:9      | Slain by Harold

Illustrated notes

Levels and vault maps discovered:
D:1:      minmay_arrival_widening_spiral_wide, layout_rooms, minivault_4,
          minmay_circled_x
D:2:      layout_basic, uniq_terence, uniq_crazy_yiuf_cottage
D:3:      layout_rooms, gammafunk_ghost_smash, nicolae_the_louvre, uniq_jessica
D:4:      layout_gridville, kennysheep_mini_moat,
          nicolae_overflow_hallway_of_the_gods, uniq_eustachio
D:5:      black_bear_nest_1, layout_gridville, uniq_grinder
D:6:      layout_basic, nicolae_uskayaw_murder_on_the_dancefloor, minmay_holes,
          chequers_hall_statues_y, minmay_misc_feat_diagonals,
          uniq_blork_the_orc
D:7:      layout_rooms, minmay_temple_entry_waves, serial_rivers,
          chequers_serial_rivers_small_a, chequers_serial_rivers_micro_b,
          chequers_serial_rivers_large_b, chequers_serial_rivers_micro_b,
          chequers_serial_rivers_micro_b
D:8:      layout_loops_corners, enter_bailey_4
D:9:      layout_grid_maze, minmay_misc_feat_square, minmay_protected_statue,
          uniq_harold, uniq_maurice, uniq_joseph

Skill      XL: |  1  2  3  4  5  6  7  8  9 10 |
---------------+-------------------------------+-----
Dodging        | 2 3 4 5 6 |  6.0
Unarmed Combat | 3 4 5 6 8 10 11 | 11.0
Stealth        | 1 |  1.1
Armour         | 2 3 4 5 |  5.5
Fighting       | 4 5 6 |  6.4
Shields        | |  0.5

Action                     |  1- 3 |  4- 6 |  7- 9 | 10-12 || total
---------------------------+-------+-------+-------+-------++-------
  Melee: Unarmed           |    81 |   111 |   310 |    98 ||   600
         Punch             |     1 |     3 |    17 |     6 ||    27
         Tailslap          |    11 |    15 |    59 |    14 ||    99
         Touch             |       |     6 |    55 |    12 ||    73
 Invoke: Berserk           |     2 |     5 |     7 |     4 ||    18
         Trog's Hand       |       |     1 |     1 |     1 ||     3
    Use: Scroll            |       |     1 |     7 |     2 ||    10
         Potion            |       |       |     1 |     1 ||     2
   Stab: Sleeping          |     3 |       |       |       ||     3
 Armour: Animal skin       |    22 |       |       |       ||    22
         Ring mail         |     4 |   101 |   201 |    80 ||   386
  Dodge: Dodged            |    37 |    77 |   200 |    59 ||   373
  Block: Other             |     2 |    22 |    55 |    16 ||    95
         Form:             |       |       |       |     1 ||     1
         Serpent           |       |       |       |     1 ||     1
